 Dungeon Crawl Stone Soup version 0.29.1-2-gbd0b4ee654 (webtiles) character file.

Game seed: 5519837551920047996

111 Gabide the Trooper (level 4, -3/50 HPs)
             Began as an Ogre Monk on Nov 10, 2022.
             Killed by divine providence
             ... invoked by an orc priest
              (13 damage)
             ... on level 3 of the Dungeon.
             The game lasted 00:02:17 (1651 turns).

Gabide the Trooper (Ogre Monk)                      Turns: 1651, Time: 00:02:17

Health: -3/50      AC:  3    Str: 17    XL:     4   Next: 92%
Magic:  4/4        EV: 10    Int: 11    God:
Gold:   140        SH:  0    Dex: 11    Spells: 3/3 levels left

rFire   . . .      SeeInvis .   a - +0 flail
rCold   . . .      Faith    .   (no shield)
rNeg    . . .      Spirit   .   b - +0 robe
rPois   .          Reflect  .   (helmet restricted)
rElec   .          Harm     .   (no cloak)
rCorr   .          Rampage  .   (gloves unavailable)
Will    .....                   (boots unavailable)
Stlth   ++........              i - amulet of regeneration
HPRegen 0.96/turn               o - ring of flight
MPRegen 0.09/turn               (no ring)

@: mighty, flying
A: large, unfitting armour, tough skin 1
a: no special abilities


You were on level 3 of the Dungeon.
You visited 1 branch of the dungeon, and saw 3 of its levels.

You collected 140 gold pieces.

Inventory:

Hand Weapons
 a - a +0 flail (weapon)
Missiles
 e - 20 stones (quivered)
Armour
 b - a +0 robe (worn)
Jewellery
 i - an amulet of regeneration (around neck)
 m - a ring of fire
 o - a ring of flight (left hand)
Scrolls
 d - a scroll of vulnerability {unknown}
 g - a scroll of noise {unknown}
 j - a scroll of immolation {unknown}
 k - a scroll of teleportation {unknown}
 l - a scroll of poison {unknown}
 n - a scroll of amnesia {unknown}
 q - a scroll of torment {unknown}
Potions
 f - a potion of might
 h - 2 potions of attraction
 p - a potion of flight {unknown}


   Skills:
 * Level 5.4 Fighting
 * Level 3.7 Maces & Flails
 + Level 3.2 Dodging
 - Level 1.4 Stealth


You had 3 spell levels left.
You didn't know any spells.
Your spell library contained the following spells:

 Spells                   Type           Power      Damage    Failure   Level
 Freeze                   Ice            0%         1d3       34%         1
 Frozen Ramparts          Ice            0%         1d1       71%         3
 Freezing Cloud           Conj/Ice/Air   0%         6-21      100%        5


Dungeon Overview and Level Annotations

Branches:
Dungeon (3/15)

Altars:


Innate Abilities, Weirdness & Mutations

You are too large for most types of armour.
You have tough skin. (AC +1)


Message History

The orc barely misses you.
The orc priest hits you from afar with a +0 trident.
The orc hits you but does no damage. The orc priest barely misses you.
You hit the orc.
You kill the orc!
The orc priest hits you from afar with a +0 trident.
Items here: )))) [[[.
You closely miss the orc.
The orc priest invokes the aid of Beogh against you.
Beogh smites you! The orc hits you with a +0 short sword.
The orc priest barely misses you.
You hit the orc.
The orc is heavily wounded.
The orc priest hits you from afar with a +0 trident.
* * * LOW HITPOINT WARNING * * *
The orc hits you with a +0 short sword.
* * * LOW HITPOINT WARNING * * *
You barely miss the orc.
The orc is heavily wounded.
The orc priest hits you but does no damage.
The orc barely misses you.
You hit the orc but do no damage.
The orc is heavily wounded.
The orc priest hits you from afar with a +0 trident.
* * * LOW HITPOINT WARNING * * *
The orc barely misses you. The orc hits you but does no damage.
The orc priest barely misses you.
You feel very mighty all of a sudden.
The orc priest hits you from afar with a +0 trident.
* * * LOW HITPOINT WARNING * * *
The orc hits you but does no damage.
You closely miss the orc.
The orc is heavily wounded.
The orc priest hits you but does no damage.
The orc hits you but does no damage.
You barely miss the orc.
The orc is heavily wounded.
The orc priest calls down the wrath of Beogh upon you.
Beogh smites you!
You die...

... #.# #
#.#.# #.#.#
#.#.#####
####........
#o..........
#o#.......#
#@#o8...8.#
#.#o.o....#
#.#.o.....#
#.#...o...#
#.#.8...8.#
#.#.......#
#.##.....##
#.## $o$# .
#..#######..


You could see an orc priest and an orc.

Vanquished Creatures
  2 orc priests (D:3)
  A dart slug (D:3)
  8 orcs (D:3)
  A bat (D:1)
  An endoplasm (D:2)
  2 giant cockroaches (D:2)
  2 goblins (D:1)
  2 hobgoblins
  4 jackals (D:2)
  3 quokkas
  5 ball pythons
  2 frilled lizards (D:1)
  4 kobolds
  4 rats
41 creatures vanquished.

Notes
Turn   | Place    | Note
-------+----------+-------------------------------------------
     0 | D:1      | Gabide the Ogre Monk began the quest for the Orb.
     0 | D:1      | Reached XP level 1. HP: 24/24 MP: 1/1
   255 | D:1      | Reached XP level 2. HP: 30/32 MP: 2/2
   991 | D:2      | Identified the +2 leather armour of Mirth {rC++ Str+2
                  | Int-5}
  1017 | D:2      | Got the Codex of the Blizzard
  1153 | D:2      | Reached XP level 3. HP: 39/40 MP: 3/3
  1512 | D:3      | Reached skill level 5 in Fighting
  1512 | D:3      | Reached XP level 4. HP: 9/50 MP: 4/4
  1512 | D:3      | HP: 2/50 [orc/+0 mace (7)]
  1651 | D:3      | Killed from afar by an orc priest

Illustrated notes

Levels and vault maps discovered:
D:1:      dpeg_arrival_connections, layout_basic
D:2:      layout_basic
D:3:      cheibrodos_pilgrimage, layout_basic,
          shapermc_ecumenical_altar_starsandcircs

Skill      XL: |  1  2  3 |
---------------+----------+-----
Maces & Flails | 3 |  3.7
Dodging        | 3 |  3.2
Fighting       | 5 |  5.4
Stealth        | |  1.4

Action                   |  1- 3 |  4- 6 || total
-------------------------+-------+-------++-------
Melee: Mace              |    47 |       ||    47
       Flail             |    52 |    35 ||    87
       Punch             |     1 |     1 ||     2
Throw: Stone             |     3 |       ||     3
  Use: Scroll            |     2 |       ||     2
       Potion            |       |     2 ||     2
 Stab: Sleeping          |     4 |       ||     4
Armor: Robe              |    20 |    10 ||    30
Dodge: Dodged            |    42 |    25 ||    67
